 Dungeon Crawl Stone Soup version 0.32-a0-40-g2adb59a (webtiles) character file.

Game seed: 6512152260547960415

920 Dorkslayer the Ruffian (level 8, -1/45 HPs)
             Began as an Octopode Shapeshifter on Jan 24, 2024.
             Slain by a sixfirhy (12 damage)
             ... summoned by a kobold demonologist
             ... on level 5 of the Dungeon.
             The game lasted 00:10:33 (3471 turns).

Dorkslayer the Ruffian (Octopode Shapeshifter)      Turns: 3471, Time: 00:10:34

Health: -1/45      AC:  1    Str: 15    XL:     8   Next: 10%
Magic:  8/8        EV: 13    Int: 13    God:
Gold:   232        SH:  0    Dex: 11    Spells: 7/7 levels left

rFire   . . .        l - +2 mace (drain)
rCold   . . .        (no shield)
rNeg    . . .        (helmet currently unavailable)
rPois   .            (no amulet)
rElec   .            p - ring of willpower
rCorr   .            (no ring)
SInv    .            (no ring)
Will    +....        (no ring)
Stlth   +++          (no ring)
HPRegen 0.27/turn    (no ring)
MPRegen 0.11/turn    (no ring)
                     (no ring)

%: clarity
@: beast-form
A: beast (slay +2), almost no armour, amphibious, 8 rings, camouflage 1,
gelatinous body 1, (nimble swimmer 1), tentacles, clarity, frail 1
a: Begin Untransformation


You were on level 5 of the Dungeon.
You were a hulking beast.
You visited 1 branch of the dungeon, and saw 5 of its levels.
You also visited: Ossuary.

You collected 232 gold pieces.

Inventory:

Hand Weapons
 i - a +0 mace
 k - a +0 dagger
 l - a +2 mace of draining (weapon)
 q - a +2 long sword of holy wrath
Missiles
 y - 3 boomerangs (quivered)
Jewellery
 p - a ring of willpower (left tentacle)
Talismans
 b - a beast talisman
 c - a flux talisman
 o - a maw talisman
Wands
 m - a wand of iceblast (5)
 t - a wand of flame (14)
Scrolls
 e - a scroll of immolation
 g - 5 scrolls of teleportation
 n - a scroll of fear
 u - a scroll of revelation {unknown}
 v - a scroll of enchant armour {unknown}
 w - a scroll of vulnerability {unknown}
 x - a scroll of fog {unknown}
Potions
 a - a potion of lignification
 d - 2 potions of degeneration
 f - a potion of heal wounds {unknown}
 h - a potion of haste {unknown}
 j - 4 potions of resistance
 r - 2 potions of enlightenment {unknown}
 s - a potion of magic {unknown}


   Skills:
 * Level 2.9 Fighting
 - Level 2.6 Long Blades
 + Level 1.2 Maces & Flails
 * Level 3.5 Dodging
 + Level 3.4 Stealth
 * Level 6.1 Unarmed Combat
 * Level 2.7 Evocations
 * Level 3.9 Shapeshifting


You had 7 spell levels left.
You didn't know any spells.
Your spell library contained the following spells:

 Spells                   Type           Power      Damage    Failure   Level
 Freeze                   Ice            0%         1d3       30%         1
 Magic Dart               Conj           0%         1d3       30%         1
 Searing Ray              Conj           0%         2d4       43%         2
 Call Canine Familiar     Summ           0%         N/A       67%         3
 Frozen Ramparts          Ice            0%         1d1       67%         3
 Fugue of the Fallen      Necr           0%         N/A       67%         3
 Hailstorm                Conj/Ice       0%         3d5       67%         3
 Ozocubu's Armour         Ice            0%         N/A       67%         3
 Sigil of Binding         Hex            0%         N/A       67%         3
 Dimensional Bullseye     Hex/Tloc       0%         N/A       97%         4
 Fulminant Prism          Conj/Alch      0%         3d5       97%         4
 Manifold Assault         Tloc           0%         N/A       97%         4
 Ozocubu's Refrigeration  Ice            0%         4d7       100%        7


Dungeon Overview and Level Annotations

Branches:
Dungeon (5/15)            Ossuary (visited)
 Temple: D:4-7

Altars:
Elyvilon
Qazlal
Sif Muna


Innate Abilities, Weirdness & Mutations

You are a hulking beast.
Your limbs bulge with bestial killing power. (Slay +2)
You cannot wear most types of armour.
You are amphibious.
You can wear up to eight rings at the same time.
Your skin changes colour to match your surroundings (Stealth+).
Your rubbery body absorbs attacks. (AC +1, EV +1)
((You are camouflaged when in or above water. (Stealth+)))
You have tentacles for arms and can constrict up to eight enemies at once.
You possess an exceptional clarity of mind.
You are frail. (-10% HP)


Message History

An adder comes into view.
The adder hisses angrily.
The adder barely misses you.
You miss the adder. Your grab misses the adder. The adder closely misses you.
The adder bites you but does no damage.
You closely miss the adder. You grab the adder. You constrict the adder.
The adder bites you. The adder misses you.
You hit the adder. You drain the adder.
The adder is almost dead.
You constrict the adder.
You kill the adder!
Found a glaive.
You now have 219 gold pieces (gained 11).
Found 8 stones.
A black bear comes into view.
The black bear bites you. The black bear claws you. x2
You hit the black bear. You drain the black bear.
Your grab misses the black bear. You squeeze the black bear!
The black bear is severely wounded.
The black bear bites you. The black bear barely misses you.
The black bear misses you.
You hit the black bear. You grab the black bear. You squeeze the black bear.
You kill the black bear!
Your Maces & Flails skill increases to level 1!
You have reached level 8!
You see here a black bear corpse.
You see here a +0 glaive.
You open the door.
There is an open door here.
Found an escape hatch in the floor.
You now have 232 gold pieces (gained 13).
A kobold demonologist comes into view. It is wielding a +2 dagger of venom.
Unknown command.
The kobold demonologist mumbles some strange words.
The sixfirhy hits you! The sixfirhy shocks you!
You completely miss the sixfirhy. Your grab misses the sixfirhy.
Your squeeze misses the sixfirhy. The sixfirhy hits you!
* * * LOW HITPOINT WARNING * * *
The sixfirhy shocks you!
You die...

#...... #.#....
#.#....
############.###'#
#............# #.#
#.############ #.#
#.# #.# #.# #.#
#h# #.# #3# #.#
#K# #.. #.# ###
#.# # #.# # #.#
..#


You could see a kobold demonologist and a sixfirhy (summoned).

Vanquished Creatures
  A black bear (D:5)
  A weeping skull (Ossuary)
  A scorpion (D:5)
  5 water moccasin zombies (Ossuary)
  A bombardier beetle (D:4)
  An orc priest (D:4)
  A hound (D:4)
  A gnoll bouda (D:4)
  2 iguanas
  3 crocodile zombies (Ossuary)
  2 mummies (Ossuary)
  3 gnolls (D:4)
  7 adders
  2 adder zombies (Ossuary)
  A ribbon worm (D:2)
  6 orcs
  An endoplasm (D:3)
  7 giant cockroaches
  11 gnoll zombies (Ossuary)
  11 goblins
  3 hobgoblins
  2 jackals (D:2)
  4 quokkas
  8 ball pythons
  4 bats
  2 frilled lizards
  A goblin zombie (D:4)
  2 jackal zombies (Ossuary)
  6 kobolds
  2 orc zombies (Ossuary)
  6 rats
  A rat zombie (D:4)
109 creatures vanquished.

Notes
Turn   | Place    | Note
-------+----------+-------------------------------------------
     0 | D:1      | Dorkslayer the Octopode Shapeshifter began the quest for
                  | the Orb.
     0 | D:1      | Reached XP level 1. HP: 13/13 MP: 1/1
   148 | D:1      | Reached XP level 2. HP: 18/18 MP: 2/2
   790 | D:2      | Reached XP level 3. HP: 22/23 MP: 3/3
   964 | D:2      | Reached skill level 4 in Unarmed Combat
   983 | D:2      | Reached skill level 1 in Stealth
   983 | D:2      | Reached XP level 4. HP: 9/28 MP: 4/4
  1119 | D:2      | Found a shimmering blue altar of Sif Muna.
  1643 | D:3      | Got the Encyclopedia of Hail
  1991 | D:4      | Found a shimmering blue altar of Sif Muna.
  2011 | D:4      | Reached XP level 5. HP: 30/33 MP: 5/5
  2080 | D:4      | Reached skill level 5 in Unarmed Combat
  2108 | D:4      | Found a sand-covered staircase.
  2115 | Ossuary  | Entered an ossuary
  2193 | Ossuary  | Reached XP level 6. HP: 14/38 MP: 6/6
  2295 | Ossuary  | Reached skill level 1 in Evocations
  2332 | Ossuary  | Reached skill level 1 in Long Blades
  2413 | Ossuary  | Reached XP level 7. HP: 45/45 MP: 7/7
  2530 | Ossuary  | Gained mutation: You are clumsy. (Dex -2) [potion of
                  | mutation]
  2530 | Ossuary  | Gained mutation: You expend magic power (3 MP) to
                  | strengthen your wands. [potion of mutation]
  2531 | Ossuary  | Lost mutation: You expend magic power (3 MP) to strengthen
                  | your wands. [potion of mutation]
  2531 | Ossuary  | Lost mutation: You are clumsy. (Dex -2) [potion of
                  | mutation]
  2531 | Ossuary  | Gained mutation: One of your tentacles bears a spike.
                  | [potion of mutation]
  2531 | Ossuary  | Gained mutation: Your body sometimes deteriorates upon
                  | taking damage. [potion of mutation]
  2532 | Ossuary  | Lost mutation: One of your tentacles bears a spike. [potion
                  | of mutation]
  2532 | Ossuary  | Lost mutation: Your body sometimes deteriorates upon taking
                  | damage. [potion of mutation]
  2532 | Ossuary  | Gained mutation: You are frail. (-10% HP) [potion of
                  | mutation]
  2532 | Ossuary  | Gained mutation: You possess an exceptional clarity of
                  | mind. [potion of mutation]
  3018 | D:4      | Found a white marble altar of Elyvilon.
  3020 | D:4      | Found a stormy altar of Qazlal.
  3047 | D:5      | Entered Level 5 of the Dungeon
  3221 | D:5      | Reached skill level 6 in Unarmed Combat
  3324 | D:5      | Reached skill level 1 in Maces & Flails
  3324 | D:5      | Reached XP level 8. HP: 32/45 MP: 8/8
  3466 | D:5      | Noticed a kobold demonologist
  3469 | D:5      | Noticed a sixfirhy
  3471 | D:5      | Slain by a sixfirhy

Illustrated notes

Levels and vault maps discovered:
D:1:      nicolae_arrival_escape_room, layout_basic
D:2:      layout_basic, basic_altar, minmay_cut_off
D:3:      layout_basic
D:4:      layout_rooms, nicolae_overflow_hidden_temple, enter_ossuary_4
D:5:      black_bear_nest_2, layout_basic, grunt_temple_overflow_open

Skill      XL: |  1  2  3  4  5  6  7 |
---------------+----------------------+-----
Unarmed Combat | 4 5 6 |  6.1
Stealth        | 1 2 3 |  3.4
Evocations     | 1 2 |  2.7
Long Blades    | 2 |  2.6
Fighting       | 2 |  2.9
Dodging        | 3 |  3.5
Maces & Flails | 1 |  1.2
Shapeshifting  | |  3.9

Action                     |  1- 3 |  4- 6 |  7- 9 || total
---------------------------+-------+-------+-------++-------
  Melee: Unarmed           |    62 |    41 |       ||   103
         Constrict         |    18 |    24 |     8 ||    50
         Tentacles         |    13 |    16 |     6 ||    35
         Punch             |     3 |     3 |     4 ||    10
         Long sword        |       |    38 |    17 ||    55
         Mace              |       |       |    28 ||    28
  Evoke: Wand              |       |     3 |     9 ||    12
    Use: Scroll            |       |     6 |     2 ||     8
         Potion            |       |       |     3 ||     3
   Stab: Sleeping          |     4 |     8 |     1 ||    13
 Armour: Skin              |    25 |    27 |    31 ||    83
  Dodge: Dodged            |    27 |    37 |    31 ||    95

Table legend: (Time is in decaauts)
 A = Elapsed time spent in this place.
 B = Non-inter-level travel time spent in this place.
 C = Inter-level travel time spent in this place.
 D = Time resting spent in this place.
 E = Time spent auto-exploring this place.
 F = Levels seen in this place.
 G = Mean time per level.
                   A        B        C        D        E       F      G
               +--------+--------+--------+--------+--------+-----+--------+
         Total |   3489 |   3489 |      0 |     66 |   1859 |   6 |  581.5 |
       Dungeon |   3052 |   3052 |      0 |     66 |   1597 |   5 |  610.4 |
       Ossuary |    436 |    436 |      0 |      0 |    262 |   1 |  436.0 |
               +--------+--------+--------+--------+--------+-----+--------+

Top non-repeatable levels by time:
     D:4: 727 daAuts
     D:1: 724 daAuts
     D:3: 652 daAuts
     D:2: 518 daAuts
 Ossuary: 436 daAuts
     D:5: 428 daAuts
